 Dungeon Crawl Stone Soup version 0.28-a0-1518-gbe868bca14 (webtiles) character file.

Game seed: 1103569851915149670

8863 shadowrider38 the Prestidigitator (level 11, -3/86 HPs)
             Began as a Djinni Fire Elementalist on Jan 16, 2022.
             Was a Believer of Makhleb.
             Slain by a catoblepas (6 damage)
             ... while petrified by a catoblepas
             ... on level 9 of the Dungeon.
             The game lasted 00:38:27 (13679 turns).

shadowrider38 the Prestidigitator (DjFE)           Turns: 13679, Time: 00:38:27

Health: -3/86      AC:  9    Str:  7    XL:     11   Next: 63%
Gold:   603        EV:  2    Int: 21    God:    Makhleb [**....] SH:  0 Dex: 14

rFire   + + +      SeeInvis +   R - +3 morningstar (vorpal)
rCold   x . .      Faith    .   m - +0 buckler
rNeg    + + +      Spirit   .   N - +0 acid dragon scales
rPois   ∞          Reflect  .   (no helmet)
rElec   .          Harm     .   (no cloak)
rCorr   +          Rampage  .   P - +2 pair of gloves
Will    +....                   (boots unavailable)
Stlth   +.........              u - amulet "Geolog" {rPois Regen+}
HPRegen 1.04/turn               x - ring of protection from fire
MPRegen 0.00/turn               G - ring of see invisible

@: petrified, flying, studying Evocations
A: sickness immunity, fire resistance 2, cold vulnerability 1, float, innate
caster, hp casting, extra vitality 1
a: Renounce Religion, Minor Destruction


You were on level 9 of the Dungeon.
You worshipped Makhleb.
Makhleb was pleased with you.
You visited 2 branches of the dungeon, and saw 10 of its levels.

You collected 603 gold pieces.

Inventory:

Hand Weapons
 a - the +10 broad axe "Noicesk" {vorpal, Contam Fly Int+2 Dex+5}
   (You found it on level 9 of the Dungeon)

   It inflicts extra damage upon your enemies.
   Int:       It affects your intelligence (+2).
   Dex:       It affects your dexterity (+5).
   Fly:       It grants you flight.
   Contam:    It causes magical contamination when unequipped.
 R - a +3 vorpal morningstar (weapon)
Missiles
 e - 25 poisoned darts
 n - 331 stones
 r - 3 atropa-tipped darts
 z - 5 silver javelins
 F - 3 throwing nets
 K - a curare-tipped dart
Armour
 m - a +0 buckler (worn)
 N - +0 acid dragon scales (worn)
 P - a +2 pair of gloves (worn)
Jewellery
 u - the amulet "Geolog" (around neck) {rPois Regen+}
   (You found it on level 9 of the Dungeon)

   [amulet of regeneration]

   rPois:     It protects you from poison.
   Regen:     It increases your rate of health regeneration.
 x - a ring of protection from fire (left hand)
 B - an amulet of the acrobat
 G - a ring of see invisible (right hand)
Wands
 t - a wand of flame (21)
 y - a wand of digging (6)
Scrolls
 c - a scroll of fog
 i - 6 scrolls of teleportation
 j - a scroll of brand weapon
 k - a scroll of blinking {unknown}
 l - a scroll of torment {unknown}
 p - 2 scrolls of enchant weapon
 q - a scroll of vulnerability {unknown}
 v - a scroll of immolation {unknown}
 C - a scroll of magic mapping
 D - 2 scrolls of fear {unknown}
 E - a scroll of noise {unknown}
 J - a scroll of summoning {unknown}
 O - a scroll of acquirement {unknown}
Potions
 d - 2 potions of resistance {unknown}
 f - 3 potions of heal wounds
 g - a potion of cancellation
 h - 4 potions of berserk rage
 o - 4 potions of curing
 s - a potion of attraction
 w - 4 potions of mutation
 A - a potion of might
 I - a potion of ambrosia {unknown}
 L - a potion of brilliance
 M - 2 potions of degeneration {unknown}
 Q - a potion of invisibility {unknown}
Miscellaneous
 b - a box of beasts
 H - a piece from Xom's chessboard (15/15)


   Skills:
 + Level 10.6 Fighting
 - Level 7.0 Dodging
 - Level 1.5 Stealth
 - Level 5.0 Shields
 - Level 8.0 Spellcasting
 - Level 12.0 Evocations


You couldn't memorise any spells.
You knew the following spells:

 Your Spells              Type           Power      Damage    Failure   Level
a - Foxfire               Conj/Fire      100%       2x1d9     1%          1
b - Scorch                Fire           84%        2d9       1%          2
c - Conjure Flame         Conj/Fire      42%        6-21      2%          3
d - Inner Flame           Hex/Fire       42%        N/A       2%          3
e - Flame Wave            Conj/Fire      42%        2d8       7%          4
f - Beastly Appendage     Tmut           84%        N/A       1%          1
g - Passwall              Tmut/Erth      35%        N/A       1%          2
h - Vampiric Draining     Necr           42%        2d9       2%          3
i - Animate Dead          Necr           21%        N/A       7%          4
j - Silence               Hex/Air        21%        N/A       21%         5
Your spell library was empty.

Dungeon Overview and Level Annotations

Branches:
Dungeon (9/15)             Temple (1/1) D:4            Lair (0/6) D:9
    Orc: D:9-12

Altars:
Ashenzari
Dithmenos
Elyvilon
Fedhas
Gozag
Kikubaaqudgha
Makhleb
Nemelex Xobeh
Okawaru
Qazlal
Ru
Trog
Vehumet
Wu Jian
Xom
Yredelemnul
Zin
The Shining One

Annotations:
D:6 1 runed translucent door, buddhastalin's ghost, novice KoBr


Innate Abilities, Weirdness & Mutations

You are immune to sickness and miasma.
You are immune to poison.
Your flesh is very heat resistant. (rF++)
You are vulnerable to cold. (rC-)
You float through the air rather than walking.
You learn spells naturally, not from books.
Your magical power is your life essence.
You have superior vitality. (+4 MHP)


Message History

The catoblepas breathes a plume of calcifying dust at you.
The blast of calcifying dust hits you but does no damage.
The catoblepas gores you!
Casting: Vampiric Draining (mildly dangerous; 2% risk of failure)
Confirm with . or Enter, or press ? or * to list all spells.
Aiming: Vampiric Draining (mildly dangerous; 2% risk of failure)
Press: ? - help, Shift-Dir - straight line, f/p - catoblepas
Aim: a catoblepas (severely wounded)
You draw life force from the catoblepas!
You feel life coursing into your body.
The catoblepas breathes a plume of calcifying dust at you.
The blast of calcifying dust hits you.
The catoblepas breathes a plume of calcifying dust at you.
The blast of calcifying dust hits you.
Casting: Vampiric Draining (mildly dangerous; 2% risk of failure)
Confirm with . or Enter, or press ? or * to list all spells.
Flames lash the catoblepas.
The catoblepas is severely wounded.
The catoblepas's fire resistance burns away.
The catoblepas breathes a plume of calcifying dust at you.
The blast of calcifying dust hits you but does no damage.
You are engulfed in calcifying dust.
You are slowing down.
The catoblepas is no longer more vulnerable to fire.
The catoblepas breathes a plume of calcifying dust at you.
The blast of calcifying dust hits you.
The catoblepas breathes a plume of calcifying dust at you.
The blast of calcifying dust hits you but does no damage.
Your limbs are stiffening.
You have turned to stone.
The catoblepas gores you!! The catoblepas gores you. The catoblepas gores you!
* * * LOW HITPOINT WARNING * * *
The catoblepas gores you!!
* * * LOW HITPOINT WARNING * * *
The catoblepas gores you!!
* * * LOW HITPOINT WARNING * * *
The catoblepas gores you!
You die...

########## .........# ###########
.........# #####..........
.........##########......>.......
.................................
...............Y@....).#######...
...######''##..........# #...
...#........#..........# #...
...#<.......#......[...# #..)
...#........#..........# #...
...#....(...#..........# ##...
...##########..........# #....
.......................# #....
....[......###########.# #....


You could see a catoblepas.

Vanquished Creatures
  A two-headed ogre (D:9)
  An ugly thing (D:9)
  A wolf spider (shapeshifter) (D:9)
  A cyclops (D:9)
  A gargoyle (D:9)
  A troll (D:5)
  A raiju (shapeshifter) (D:9)
  4 yaks
  4 wyverns
  A wraith (D:9)
  An acid dragon (D:9)
  A water moccasin (D:8)
  2 orc warriors
  2 sky beasts (D:5)
  2 necrophages
  6 centaurs
  2 kobold brigands
  Blork the orc (D:4)
  A gnoll sergeant (D:8)
  2 bullfrogs
  3 scorpions
  A water moccasin skeleton (D:5)
  7 killer bees
  5 wights (D:7)
  2 centaur zombies (D:9)
  3 orc priests
  2 jellies (D:5)
  A hound (D:6)
  3 centaur skeletons
  An iguana (D:4)
  6 orc wizards
  Natasha (thrice) (D:4)
  2 killer bee zombies
  2 howler monkey zombies
  10 gnolls
  4 adders
  3 shadow imps
  2 ufetubi
  2 worms (D:2)
  A dart slug (D:5)
  25 orcs
  4 ball pythons
  6 bats
  5 endoplasms
  A giant cockroach (D:2)
  8 goblins
  6 hobgoblins
  11 kobolds
  5 quokkas
  A frilled lizard (D:1)
  3 rats
174 creatures vanquished.

Vanquished Creatures (collateral kills)
  2 foxfires
2 creatures vanquished.

Vanquished Creatures (others)
  621 foxfires
  3 fungi (D:9)
  12 plants
636 creatures vanquished.

Grand Total: 812 creatures vanquished

Notes
Turn   | Place    | Note
-------+----------+-------------------------------------------
     0 | D:1      | shadowrider38 the Djinni Fire Elementalist began the quest
                  | for the Orb.
     0 | D:1      | Reached XP level 1. HP: 15/15 MP: 0/0
   175 | D:1      | Reached skill level 1 in Fighting
   311 | D:1      | Reached XP level 2. HP: 21/22 MP: 0/0
  1211 | D:2      | Reached XP level 3. HP: 27/29 MP: 0/0
  1211 | D:2      | Learned a level 1 spell: Beastly Appendage
  2605 | D:3      | Reached XP level 4. HP: 32/35 MP: 0/0
  2976 | D:3      | Found an ornate altar of the Wu Jian Council.
  3372 | D:3      | Reached XP level 5. HP: 39/41 MP: 0/0
  3372 | D:3      | Learned a level 2 spell: Passwall
  3517 | D:3      | Found a faded altar of an unknown god.
  3655 | D:4      | Found a burning altar of Makhleb.
  3815 | D:4      | Became a worshipper of Makhleb the Destroyer
  3861 | D:4      | Reached XP level 6. HP: 44/47 MP: 0/0
  4066 | D:4      | Noticed Blork the orc
  4080 | D:4      | Killed Blork the orc
  4178 | D:4      | Found a staircase to the Ecumenical Temple.
  4178 | D:4      | Noticed Natasha
  4194 | D:4      | Killed Natasha
  4195 | D:4      | Reached XP level 7. HP: 23/52 MP: 0/0
  4195 | D:4      | Learned a level 3 spell: Vampiric Draining
  4359 | Temple   | Entered the Ecumenical Temple
  4783 | D:4      | Found a white marble altar of Elyvilon.
  4862 | D:4      | Found a basalt altar of Yredelemnul.
  4888 | D:4      | Noticed Natasha
  4894 | D:4      | Killed Natasha
  4924 | D:4      | Noticed Natasha
  4929 | D:4      | Killed Natasha
  5218 | D:5      | Entered Level 5 of the Dungeon
  5231 | D:5      | Found an iron altar of Okawaru.
  5407 | D:5      | Reached skill level 5 in Fighting
  5889 | D:5      | Found a bloodstained altar of Trog.
  6106 | D:5      | Reached skill level 1 in Evocations
  6228 | D:5      | Noticed a troll
  6397 | D:5      | Killed a troll
  6398 | D:5      | Reached skill level 5 in Evocations
  6398 | D:5      | Reached XP level 8. HP: 52/61 MP: 0/0
  6981 | D:6      | Noticed a +1 short sword of chaos
  6981 | D:6      | Noticed buddhastalin's ghost (novice KoBr)
  6981 | D:6      | Found a runed translucent door.
  6981 | D:6      | Found a shimmering altar of Xom.
  7280 | D:6      | Reached skill level 6 in Evocations
  7570 | D:6      | Reached skill level 7 in Evocations
  7843 | D:6      | Found a sacrificial altar of Ru.
  8030 | D:6      | Reached skill level 8 in Evocations
  8073 | D:6      | Found an opulent altar of Gozag.
  8113 | D:5      | Reached skill level 9 in Evocations
  8394 | D:6      | Reached XP level 9. HP: 61/66 MP: 0/0
  8394 | D:6      | Learned a level 4 spell: Animate Dead
  8522 | D:6      | Reached * piety under Makhleb
  8537 | D:6      | Reached skill level 10 in Evocations
  8893 | D:7      | Found a stormy altar of Qazlal.
  9178 | D:7      | Reached skill level 5 in Spellcasting
  9317 | D:7      | Reached XP level 10. HP: 78/78 MP: 0/0
 10256 | D:8      | Reached skill level 10 in Fighting
 11318 | D:9      | Found a staircase to the Lair.
 11622 | D:9      | Noticed a two-headed ogre
 11678 | D:9      | Killed a two-headed ogre
 11679 | D:9      | Reached skill level 5 in Shields
 11679 | D:9      | Reached XP level 11. HP: 54/85 MP: 0/0
 11679 | D:9      | Learned a level 5 spell: Silence
 12335 | D:9      | Noticed a red ugly thing
 12336 | D:9      | Noticed a catoblepas
 12361 | D:9      | Killed a red ugly thing
 12362 | D:9      | Reached skill level 11 in Evocations
 12675 | D:9      | Noticed a wolf spider
 12682 | D:9      | Killed a wolf spider
 12682 | D:9      | Reached ** piety under Makhleb
 12772 | D:9      | Reached skill level 12 in Evocations
 13203 | D:9      | Noticed a cyclops
 13220 | D:9      | Killed a cyclops
 13415 | D:9      | Identified the +10 broad axe "Noicesk" {vorpal, Contam Fly
                  | Int+2 Dex+5}
 13419 | D:9      | Identified the amulet "Geolog" {rPois Regen+}
 13431 | D:9      | Identified the +0 pair of boots "Fodyvil" {rElec}
 13678 | D:9      | HP: 2/86 [catoblepas (11)]
 13679 | D:9      | Slain by a catoblepas

Illustrated notes

Levels and vault maps discovered:
D:1:      roderic_crop_circles_arrival_small, layout_loops_ring
D:2:      layout_basic, serial_bayou, serial_bayou_pond_d, serial_bayou_pond_b,
          serial_bayou_pond_d, serial_bayou_ford_a
D:3:      layout_rooms, nicolae_wu_jian_wuxing_cycle,
          shapermc_ecumenical_altar_hornbeckon, serial_forest,
          infiniplex_forest_lined_corner, infiniplex_forest_lined_room_2,
          infiniplex_forest_clump_medium, infiniplex_forest_lined_room_2,
          hangedman_decor_growths, chequers_serial_rivers_room_b, uniq_robin
D:4:      layout_cave_pools, kennysheep_ying_yang, amcnicky_altar_gilded,
          minmay_temple_entry_fiery, minmay_manual_mandibuliform, uniq_natasha,
          uniq_blork_the_orc
D:5:      layout_layer_cave, okawaru_gym_becter,
          mainiacjoe_overflow_cross_hatched
D:6:      layout_rooms, nicolae_gozag_cash_rules_everything_around_me,
          nicolae_ru_path_of_blood, ebering_ghost_xom
D:7:      layout_rooms, nicolae_qazlal_general_emergency, serial_glass,
          glass_columns_a, glass_columns_a, nicolae_water_bricks
D:8:      layout_loops_ring
D:9:      minmay_the_grid_triangle_9x9_recursive_2
          [minmay_the_grid_triangle_9x9_prize_schism,
          minmay_the_grid_triangle_9x9_impossible_snake,
          minmay_the_grid_triangle_9x9_from_above,
          minmay_the_grid_triangle_9x9_pentomino_pain], layout_irregular_city,
          dpeg_oklobed_lair, serial_bayou_pond_b
Temple:   compressed_dpeg_triangle_lava_temple

Skill      XL: |  1  2  3  4  5  6  7  8  9 10 11 |
---------------+----------------------------------+-----
Fighting       | 1 2 3 4 6 9 10 | 10.6
Spellcasting   | 3 4 7 8 |  8.0
Dodging        | 3 4 6 7 |  7.0
Evocations     | 5 9 10 12 | 12.0
Shields        | 4 5 |  5.0
Stealth        | |  1.5

Action                   |  1- 3 |  4- 6 |  7- 9 | 10-12 || total
-------------------------+-------+-------+-------+-------++-------
Melee: Short sword       |    12 |     7 |       |       ||    19
       Spear             |       |     4 |    31 |       ||    35
       Morningstar       |       |       |       |    30 ||    30
 Cast: Foxfire           |    64 |    68 |   171 |    53 ||   356
       Scorch            |       |     5 |    41 |    42 ||    88
       Conjure Flame     |       |     1 |       |     3 ||     4
       Vampiric Draining |       |       |       |    84 ||    84
       Animate Dead      |       |       |       |     2 ||     2
       Flame Wave        |       |       |       |     2 ||     2
       Silence           |       |       |       |     1 ||     1
       Beastly Appendage |       |       |       |     1 ||     1
  Use: Scroll            |       |     1 |     9 |     5 ||    15
       Potion            |       |       |     1 |       ||     1
 Stab: Sleeping          |     1 |       |       |       ||     1
Armor: Robe              |     5 |     1 |     4 |     8 ||    18
       Acid dragon scale |       |       |       |    15 ||    15
Dodge: Dodged            |    16 |    13 |    29 |   115 ||   173
Block: Buckler           |       |     3 |     5 |    42 ||    50

Table legend: (Time is in decaauts)
 A = Elapsed time spent in this place.
 B = Non-inter-level travel time spent in this place.
 C = Inter-level travel time spent in this place.
 D = Time resting spent in this place.
 E = Time spent auto-exploring this place.
 F = Levels seen in this place.
 G = Mean time per level.
                   A        B        C        D        E       F      G
               +--------+--------+--------+--------+--------+-----+--------+
         Total |  13723 |  13072 |    651 |   5538 |   5486 |  10 | 1372.3 |
       Dungeon |  13412 |  12791 |    621 |   5538 |   5210 |   9 | 1490.2 |
        Temple |    311 |    281 |     30 |      0 |    276 |   1 |  311.0 |
               +--------+--------+--------+--------+--------+-----+--------+

Top non-repeatable levels by time:
     D:5: 2338 daAuts
     D:9: 2209 daAuts
     D:2: 1674 daAuts
     D:4: 1442 daAuts
     D:8: 1340 daAuts
     D:7: 1268 daAuts
     D:6: 1188 daAuts
     D:3: 1136 daAuts
     D:1: 813 daAuts
  Temple: 311 daAuts
